[Event "Ceske Budejovice Open-A 2019"]
[Site "Ceske Budejovice"]
[Date "2019.07.05"]
[Round "7.3"]
[White "Ivanov, Mikhail M"]
[Black "Sergeev, Vladimir"]
[Result "1/2-1/2"]
[ECO "A48"]
[WhiteElo "2359"]
[BlackElo "2415"]
[Annotator "NA"]
[PlyCount "24"]
[EventDate "2019.07.02"]
[EventCountry "CZE"]
[SourceTitle "playchess.com"]
[Source "ChessBase"]
[SourceQuality "1"]
[TimeControl "5400+30"]

1. d4 Nf6 2. Nf3 g6 3. c4 Bg7 4. g3 c6 5. Nc3 d5 6. cxd5 cxd5 7. Bg2 Nc6 8. Ne5 O-O 9. f4 e6 10. O-O Ne7 11. e3 b6 12. g4 Bb7 1/2-1/2

[Event "Ceske Budejovice Open-A 2019"]
[Site "Ceske Budejovice"]
[Date "2019.07.05"]
[Round "7.4"]
[White "Nejdl, Eduard"]
[Black "Voloshin, Leonid"]
[Result "0-1"]
[ECO "B30"]
[WhiteElo "1995"]
[BlackElo "2376"]
[Annotator "NA"]
[PlyCount "68"]
[EventDate "2019.07.02"]
[EventCountry "CZE"]
[SourceTitle "playchess.com"]
[Source "ChessBase"]
[SourceQuality "1"]
[TimeControl "5400+30"]

1. e4 c5 2. Nf3 Nc6 3. Bb5 d6 4. h3 Bd7 5. a4 Nf6 6. d3 g6 7. O-O Bg7 8. Re1 O-O 9. c3 a6 10. Bc4 Rc8 11. Nbd2 e5 12. Nf1 Na5 13. Ne3 Nxc4 14. Nxc4 Bc6 15. a5 h6 16. Bd2 Qc7 17. b4 Nd7 18. Qe2 Rce8 19. Rac1 Kh7 20. Ne3 Qd8 21. Nh2 f5 22. Nd5 Bxd5 23. exd5 cxb4 24. c4 Qxa5 25. Rb1 Qc7 26. Rxb4 b6 27. Reb1 Rb8 28. Bc3 b5 29. Qa2 Nc5 30. cxb5 Rxb5 31. Rxb5 axb5 32. Rxb5 Nxd3 33. Qb3 Nc1 34. Qb2 Qxc3 0-1

[Event "Ceske Budejovice Open-A 2019"]
[Site "Ceske Budejovice"]
[Date "2019.07.05"]
[Round "7.6"]
[White "Marsalek, Zdenek"]
[Black "Plischki, Sebastian"]
[Result "1/2-1/2"]
[ECO "A36"]
[WhiteElo "2259"]
[BlackElo "2420"]
[Annotator "NA"]
[PlyCount "43"]
[EventDate "2019.07.02"]
[EventCountry "CZE"]
[SourceTitle "playchess.com"]
[Source "ChessBase"]
[SourceQuality "1"]
[TimeControl "5400+30"]

1. c4 c5 2. Nc3 Nc6 3. g3 g6 4. Bg2 Bg7 5. d3 b6 6. e4 Bb7 7. Nge2 d6 8. Be3 Nf6 9. h3 O-O 10. O-O a6 11. a3 Nd7 12. Rb1 Nd4 13. b4 Bc6 14. Qd2 b5 15. f4 Nxe2+ 16. Nxe2 bxc4 17. dxc4 Qc7 18. Rfc1 Rab8 19. Qd3 Ba8 20. Nc3 Rfc8 21. b5 axb5 22. Nxb5 1/2-1/2

[Event "Ceske Budejovice Open-A 2019"]
[Site "Ceske Budejovice"]
[Date "2019.07.05"]
[Round "7.7"]
[White "Barrish, Daniel"]
[Black "Schmid, Thomas"]
[Result "1-0"]
[ECO "E06"]
[WhiteElo "2237"]
[BlackElo "2201"]
[Annotator "NA"]
[PlyCount "59"]
[EventDate "2019.07.02"]
[EventCountry "CZE"]
[SourceTitle "playchess.com"]
[Source "ChessBase"]
[SourceQuality "1"]
[TimeControl "5400+30"]

1. d4 Nf6 2. c4 e6 3. Nf3 d5 4. g3 Be7 5. Bg2 O-O 6. O-O dxc4 7. Ne5 c5 8. dxc5 Qc7 9. Nxc4 Qxc5 10. Nba3 Rd8 11. Bd2 Nc6 12. Rc1 Rb8 13. Qe1 Qh5 14. Nc2 e5 15. e4 Be6 16. b3 Bc5 17. N2e3 Bd4 18. f3 b5 19. Na3 Rdc8 20. Nac2 Bb6 21. Kh1 Nd7 22. Nb4 Nxb4 23. Bxb4 Bc5 24. Bxc5 Nxc5 25. Qb4 Qh6 26. f4 exf4 27. gxf4 Nd3 28. Rxc8+ Rxc8 29. Qd6 Nxf4 30. Qxf4 1-0

[Event "Ceske Budejovice Open-A 2019"]
[Site "Ceske Budejovice"]
[Date "2019.07.05"]
[Round "7.8"]
[White "Vltavsky, Vladimir"]
[Black "Lys, Josef"]
[Result "1-0"]
[ECO "B12"]
[WhiteElo "2179"]
[BlackElo "2149"]
[Annotator "NA"]
[PlyCount "67"]
[EventDate "2019.07.02"]
[EventCountry "CZE"]
[SourceTitle "playchess.com"]
[Source "ChessBase"]
[SourceQuality "1"]
[TimeControl "5400+30"]

1. e4 c6 2. d4 d5 3. e5 Bf5 4. Nf3 e6 5. Be2 Ne7 6. Nh4 h6 7. Nxf5 Nxf5 8. c3 Nd7 9. Bd3 g6 10. Nd2 Bg7 11. Nf3 Qe7 12. a4 O-O 13. h4 f6 14. g4 fxe5 15. dxe5 Nxe5 16. Nxe5 Nxh4 17. Nxg6 Nxg6 18. Bxg6 Qf6 19. Qc2 Qf3 20. Rg1 c5 21. Ra3 c4 22. Qe2 Qf6 23. Bc2 Qh4 24. Be3 Qh2 25. f4 Qh3 26. Kd2 e5 27. f5 Rad8 28. Kc1 Rd7 29. Bxa7 Qh4 30. Bf2 Qd8 31. a5 Qc8 32. Ra4 Rc7 33. g5 hxg5 34. Rxg5 1-0

[Event "Ceske Budejovice Open-A 2019"]
[Site "Ceske Budejovice"]
[Date "2019.07.05"]
[Round "7.9"]
[White "Muron, Miroslav"]
[Black "Sykora, Ondrej"]
[Result "1-0"]
[ECO "C26"]
[WhiteElo "2215"]
[BlackElo "2065"]
[Annotator "NA"]
[PlyCount "103"]
[EventDate "2019.07.02"]
[EventCountry "CZE"]
[SourceTitle "playchess.com"]
[Source "ChessBase"]
[SourceQuality "1"]
[TimeControl "5400+30"]

1. e4 Nf6 2. Nc3 e5 3. g3 Nc6 4. Bg2 Bc5 5. d3 a6 6. Nf3 d6 7. O-O O-O 8. h3 h6 9. Kh2 Kh7 10. Nh4 Ng8 11. Nd5 Nce7 12. Nxe7 Nxe7 13. c3 c6 14. f4 exf4 15. gxf4 f5 16. Qe2 d5 17. e5 Be6 18. d4 Ba7 19. Be3 b6 20. Rg1 g6 21. Bf3 a5 22. Rg3 Rg8 23. Rag1 Bb8 24. Ng2 Bc7 25. h4 Qd7 26. h5 gxh5 27. Bxh5 Rxg3 28. Kxg3 Rg8+ 29. Kf2 Bd8 30. Rh1 Nc8 31. Kf1 Qg7 32. Rh3 Be7 33. Ne1 Bf8 34. Qh2 Qd7 35. Be2 Rg6 36. Bf2 Ne7 37. Bh4 Ng8 38. Bh5 Rg7 39. Bg5 c5 40. Be2 Rg6 41. Nf3 Qa4 42. Nh4 Rxg5 43. fxg5 cxd4 44. Qf4 Qxa2 45. cxd4 Qb1+ 46. Kf2 Bb4 47. Ng2 Qxb2 48. Rd3 a4 49. Nh4 a3 50. gxh6 Nxh6 51. Qg5 Bf7 52. Nxf5 1-0

[Event "Ceske Budejovice Open-A 2019"]
[Site "Ceske Budejovice"]
[Date "2019.07.05"]
[Round "7.10"]
[White "Placer, Sebastian"]
[Black "Glimbrant, Torbjorn"]
[Result "1-0"]
[ECO "D28"]
[WhiteElo "2040"]
[BlackElo "2195"]
[Annotator "NA"]
[PlyCount "119"]
[EventDate "2019.07.02"]
[EventCountry "CZE"]
[SourceTitle "playchess.com"]
[Source "ChessBase"]
[SourceQuality "1"]
[TimeControl "5400+30"]

1. d4 d5 2. Nf3 Nf6 3. c4 dxc4 4. e3 e6 5. Bxc4 c5 6. O-O a6 7. Qe2 Nc6 8. Rd1 Qc7 9. Bb3 b5 10. h3 Bb7 11. Nbd2 cxd4 12. Nxd4 Nxd4 13. exd4 Be7 14. Nf3 O-O 15. Bg5 Nd5 16. Rac1 Qd8 17. Be3 Qd6 18. Ne5 Rac8 19. Nd3 Nxe3 20. fxe3 Bd5 21. Nc5 Bxb3 22. Nxb3 Qg3 23. Qf2 Qb8 24. Qf3 Qb6 25. Kh1 a5 26. Nd2 a4 27. Ne4 a3 28. b3 f5 29. Nc3 Bb4 30. Ne2 g6 31. Nf4 g5 32. Nd3 Bd6 33. Qh5 Rxc1 34. Qxg5+ Kh8 35. Rxc1 Qb7 36. Nf4 Qf7 37. Qh6 Bxf4 38. Qxf4 Qf6 39. Rc5 b4 40. Rc4 Re8 41. Rxb4 h5 42. Rb8 Rxb8 43. Qxb8+ Kh7 44. Qa7+ Kg6 45. Qxa3 Qh4 46. Qd6 Qe1+ 47. Kh2 Kf7 48. d5 exd5 49. Qxd5+ Kg6 50. Qe5 Qb1 51. Qe6+ Kg7 52. a4 Qc2 53. Qc4 Qa2 54. Qc3+ Kg6 55. a5 h4 56. b4 Qf2 57. Qe5 Qe1 58. a6 Qxb4 59. a7 Qa3 60. Qb8 1-0

[Event "Ceske Budejovice Open-A 2019"]
[Site "Ceske Budejovice"]
[Date "2019.07.05"]
[Round "7.11"]
[White "Vahala, Tomas"]
[Black "Steiner, Bruno"]
[Result "1/2-1/2"]
[ECO "D02"]
[WhiteElo "1774"]
[BlackElo "2179"]
[Annotator "NA"]
[PlyCount "55"]
[EventDate "2019.07.02"]
[EventCountry "CZE"]
[SourceTitle "playchess.com"]
[Source "ChessBase"]
[SourceQuality "1"]
[TimeControl "5400+30"]

1. d4 d5 2. Nf3 e6 3. c4 c6 4. e3 Nf6 5. Bd3 Nbd7 6. O-O b6 7. b3 Bb7 8. Bb2 Ne4 9. cxd5 exd5 10. Nbd2 Ndf6 11. Ne5 Bd6 12. f3 Nxd2 13. Qxd2 O-O 14. Rac1 Rc8 15. Qe2 Re8 16. f4 Re7 17. Bf5 Rcc7 18. Rf3 g6 19. Rg3 Bxe5 20. dxe5 Ne4 21. Bxe4 dxe4 22. f5 Rcd7 23. Qh5 Rd5 24. Rf1 Rexe5 25. Bxe5 Rxe5 26. Qh6 Ba6 27. fxg6 fxg6 28. Rxg6+ 1/2-1/2

[Event "Ceske Budejovice Open-A 2019"]
[Site "Ceske Budejovice"]
[Date "2019.07.05"]
[Round "7.12"]
[White "Mulenko, Alexander"]
[Black "Nezval, Filip"]
[Result "1-0"]
[ECO "A13"]
[WhiteElo "2055"]
[BlackElo "1860"]
[Annotator "NA"]
[PlyCount "81"]
[EventDate "2019.07.02"]
[EventCountry "CZE"]
[SourceTitle "playchess.com"]
[Source "ChessBase"]
[SourceQuality "1"]
[TimeControl "5400+30"]

1. Nf3 d5 2. c4 e6 3. g3 Nf6 4. Bg2 Be7 5. b3 c5 6. cxd5 exd5 7. d4 Nc6 8. O-O Bf5 9. Nc3 Ne4 10. Bb2 Bf6 11. e3 O-O 12. Ne2 Re8 13. Rc1 b5 14. h3 c4 15. g4 Be6 16. Ne5 Bxe5 17. dxe5 Nc5 18. Nf4 Nb4 19. bxc4 dxc4 20. Bxa8 Qxa8 21. Bd4 Ncd3 22. Nxd3 Nxd3 23. Rc3 b4 24. Rc2 a5 25. f3 Qa6 26. f4 Bd5 27. Rd2 Be4 28. f5 c3 29. Rh2 f6 30. Qb3+ Kf8 31. Rd1 Qb5 32. Rxd3 Bxd3 33. exf6 gxf6 34. Bxf6 c2 35. Rxc2 Bxc2 36. Qxc2 Kf7 37. Bd4 Qd5 38. f6 Qd6 39. Qxh7+ Ke6 40. Qf5+ Kf7 41. Qh5+ 1-0

[Event "Ceske Budejovice Open-A 2019"]
[Site "Ceske Budejovice"]
[Date "2019.07.05"]
[Round "7.13"]
[White "Nagy, Ladislav"]
[Black "Malinovsky, Petr"]
[Result "1-0"]
[ECO "B25"]
[WhiteElo "2061"]
[BlackElo "2058"]
[Annotator "NA"]
[PlyCount "101"]
[EventDate "2019.07.02"]
[EventCountry "CZE"]
[SourceTitle "playchess.com"]
[Source "ChessBase"]
[SourceQuality "1"]
[TimeControl "5400+30"]

1. e4 c5 2. Nc3 g6 3. g3 Nc6 4. Bg2 Bg7 5. d3 d6 6. f4 f5 7. Nf3 Nf6 8. O-O O-O 9. Kh1 Kh8 10. Be3 Be6 11. Bg1 Bg8 12. Qd2 Qd7 13. Rfe1 Rae8 14. exf5 gxf5 15. Rad1 b6 16. d4 Ne4 17. Nxe4 fxe4 18. Rxe4 Bd5 19. Ree1 Bxf3 20. Bxf3 Nxd4 21. Bxd4 Bxd4 22. c3 Bf6 23. Qg2 Qf5 24. Be4 Qg4 25. Bc6 Rd8 26. Bf3 Qg7 27. Re6 b5 28. Rd2 b4 29. c4 a5 30. b3 Rd7 31. Bd1 Bd4 32. Rde2 Rf6 33. Bc2 Rxe6 34. Rxe6 Rd8 35. Qh3 Bf6 36. Qh5 Rf8 37. Kg2 Qf7 38. Qxf7 Rxf7 39. Kf3 Kg7 40. g4 Be5 41. Bf5 Bf6 42. Ke4 Rf8 43. g5 Bd4 44. Rxe7+ Kh8 45. Rxh7+ Kg8 46. Re7 Ra8 47. Bd7 Ra6 48. f5 Kf8 49. f6 Ra7 50. Kf5 a4 51. Re8+ 1-0

[Event "Ceske Budejovice Open-A 2019"]
[Site "Ceske Budejovice"]
[Date "2019.07.05"]
[Round "7.14"]
[White "Rolinek, Dominik"]
[Black "Tajovsky, Matej"]
[Result "1-0"]
[ECO "A45"]
[WhiteElo "2004"]
[BlackElo "1779"]
[Annotator "NA"]
[PlyCount "53"]
[EventDate "2019.07.02"]
[EventCountry "CZE"]
[SourceTitle "playchess.com"]
[Source "ChessBase"]
[SourceQuality "1"]
[TimeControl "5400+30"]

1. d4 Nf6 2. Bf4 d5 3. e3 e6 4. Nf3 Bd6 5. Bg3 O-O 6. Bd3 Nbd7 7. Nbd2 b6 8. Ne5 Bb7 9. c3 Ne4 10. Qc2 f5 11. Ndf3 c5 12. Nxd7 Qxd7 13. Bxd6 Qxd6 14. Ne5 Rac8 15. f3 Ng5 16. O-O Rf6 17. Rae1 Rh6 18. Qa4 Bc6 19. Qxa7 Be8 20. f4 Ne4 21. Bxe4 fxe4 22. f5 cxd4 23. exd4 Rc7 24. Qb8 Qe7 25. Ng4 Rh5 26. f6 Qd7 27. f7+ 1-0

[Event "Ceske Budejovice Open-A 2019"]
[Site "Ceske Budejovice"]
[Date "2019.07.05"]
[Round "7.15"]
[White "Brom, Jiri"]
[Black "Zacek, Petr"]
[Result "1-0"]
[ECO "D04"]
[WhiteElo "2018"]
[BlackElo "1883"]
[Annotator "NA"]
[PlyCount "81"]
[EventDate "2019.07.02"]
[EventCountry "CZE"]
[SourceTitle "playchess.com"]
[Source "ChessBase"]
[SourceQuality "1"]
[TimeControl "5400+30"]

1. d4 d5 2. Nf3 Nf6 3. e3 Bf5 4. c4 e6 5. Qb3 b6 6. Nc3 h6 7. cxd5 exd5 8. Be2 Be7 9. O-O O-O 10. Bd2 c6 11. Rfc1 Bc8 12. h3 Bb7 13. a4 c5 14. dxc5 Bxc5 15. Nb5 Nc6 16. Bc3 Ne4 17. Rd1 Qe7 18. Be1 Rad8 19. Rac1 Kh8 20. Nbd4 Nxd4 21. Nxd4 f5 22. Bf1 f4 23. exf4 Rxf4 24. f3 Qf6 25. Rxc5 Nxc5 26. Qe3 Qf7 27. Bg3 Rf6 28. Re1 Ba6 29. Bxa6 Nxa6 30. Bh4 g5 31. Bg3 Kg8 32. h4 Rg6 33. h5 Rg7 34. Be5 Rh7 35. g4 Nc5 36. Nf5 Nd7 37. Nxh6+ Rxh6 38. Qxg5+ Kh7 39. Qxd8 Nxe5 40. Rxe5 Re6 41. Qxd5 1-0

[Event "Ceske Budejovice Open-A 2019"]
[Site "Ceske Budejovice"]
[Date "2019.07.05"]
[Round "7.16"]
[White "Barak, David"]
[Black "Rolinkova, Lucie"]
[Result "1-0"]
[ECO "B01"]
[WhiteElo "2015"]
[BlackElo "1703"]
[Annotator "NA"]
[PlyCount "45"]
[EventDate "2019.07.02"]
[EventCountry "CZE"]
[SourceTitle "playchess.com"]
[Source "ChessBase"]
[SourceQuality "1"]
[TimeControl "5400+30"]

1. e4 d5 2. exd5 Qxd5 3. Nc3 Qa5 4. d4 Nf6 5. Nf3 Bf5 6. Bd2 c6 7. Ne4 Qb6 8. Nxf6+ gxf6 9. b4 e6 10. Rb1 Nd7 11. Be2 e5 12. O-O e4 13. Nh4 Be6 14. Bf4 Bxa2 15. Rb2 Be6 16. c4 Nb8 17. d5 cxd5 18. cxd5 Bd7 19. Qc2 f5 20. Qc3 Rg8 21. Bxb8 Bg7 22. Be5 Rc8 23. Qg3 1-0

[Event "Ceske Budejovice Open-A 2019"]
[Site "Ceske Budejovice"]
[Date "2019.07.05"]
[Round "7.17"]
[White "Kanka, Matej"]
[Black "Steiner, Juraj"]
[Result "0-1"]
[ECO "A34"]
[WhiteElo "1858"]
[BlackElo "1896"]
[Annotator "NA"]
[PlyCount "70"]
[EventDate "2019.07.02"]
[EventCountry "CZE"]
[SourceTitle "playchess.com"]
[Source "ChessBase"]
[SourceQuality "1"]
[TimeControl "5400+30"]

1. c4 c5 2. Nc3 Nf6 3. g3 e6 4. Bg2 d5 5. d3 d4 6. Ne4 Be7 7. e3 Nc6 8. Ne2 e5 9. Nxf6+ Bxf6 10. e4 h5 11. h4 Bg4 12. f3 Bd7 13. a3 a6 14. Bd2 g5 15. hxg5 Bxg5 16. b4 Qe7 17. Bxg5 Qxg5 18. bxc5 h4 19. Qd2 Qg7 20. g4 O-O-O 21. Rb1 Rdg8 22. Qb2 Nd8 23. Bh3 Qg5 24. Rf1 Qe3 25. Qb3 Bc6 26. Kd1 Ne6 27. g5 Rxg5 28. Qb6 Rg3 29. Qa7 Qxd3+ 30. Ke1 Qxb1+ 31. Kf2 Qb2 32. Bxe6+ fxe6 33. Qa8+ Kc7 34. Qxh8 d3 35. Qxh4 dxe2 0-1

[Event "Ceske Budejovice Open-A 2019"]
[Site "Ceske Budejovice"]
[Date "2019.07.05"]
[Round "7.18"]
[White "Chval, Zdenek"]
[Black "Puncochar, Jiri"]
[Result "1/2-1/2"]
[ECO "C99"]
[WhiteElo "2145"]
[BlackElo "2014"]
[Annotator "NA"]
[PlyCount "53"]
[EventDate "2019.07.02"]
[EventCountry "CZE"]
[SourceTitle "playchess.com"]
[Source "ChessBase"]
[SourceQuality "1"]
[TimeControl "5400+30"]

1. e4 e5 2. Nf3 Nc6 3. Bb5 a6 4. Ba4 Nf6 5. O-O Be7 6. Re1 b5 7. Bb3 O-O 8. h3 d6 9. c3 Na5 10. Bc2 c5 11. d4 Qc7 12. Nbd2 cxd4 13. cxd4 Bd7 14. Nf1 Rfc8 15. Bb1 h6 16. Ng3 Bf8 17. Nh4 Nc6 18. Nhf5 Nxd4 19. Nxd4 exd4 20. Qxd4 Ne8 21. Nf5 Bxf5 22. exf5 Be7 23. Bf4 Bf6 24. Qd2 Qc5 25. Be4 Rab8 26. Rac1 Qb6 27. Be3 1/2-1/2

[Event "Ceske Budejovice Open-A 2019"]
[Site "Ceske Budejovice"]
[Date "2019.07.05"]
[Round "7.19"]
[White "Stehlik, Jiri"]
[Black "Brhlik, Antonin"]
[Result "1-0"]
[ECO "A15"]
[WhiteElo "1930"]
[BlackElo "1639"]
[Annotator "NA"]
[PlyCount "151"]
[EventDate "2019.07.02"]
[EventCountry "CZE"]
[SourceTitle "playchess.com"]
[Source "ChessBase"]
[SourceQuality "1"]
[TimeControl "5400+30"]

1. c4 Nf6 2. Nf3 e6 3. g3 b6 4. Bg2 Bb7 5. O-O Be7 6. d4 d5 7. Ne5 O-O 8. Nc3 c5 9. Be3 Nc6 10. Nxc6 Bxc6 11. cxd5 exd5 12. h3 Rc8 13. Rc1 c4 14. Bd2 b5 15. a3 a5 16. e3 b4 17. axb4 axb4 18. Ne2 Qd7 19. Ra1 Ra8 20. f3 Rxa1 21. Qxa1 Ra8 22. Qb1 Qb7 23. Re1 Re8 24. h4 Bd6 25. Bh3 Qb8 26. Kf2 Qc7 27. Qc2 Bd7 28. Bxd7 Qxd7 29. Kg2 g6 30. Ra1 Qb7 31. Qa4 Qb6 32. Kf2 Kg7 33. Qa7 Qxa7 34. Rxa7 h5 35. Rb7 b3 36. Ra7 Rb8 37. Ra5 Rd8 38. Ra4 Bf8 39. Nc3 Kg8 40. Ne2 Kg7 41. Nf4 Rd7 42. Bc3 Kg8 43. Ra8 Kg7 44. Ra6 Rb7 45. Ra4 Bd6 46. Nh3 Kf8 47. Ng1 Ke7 48. Ne2 Kd7 49. Ke1 Kc6 50. Kd2 Kd7 51. Kd1 Kc7 52. Be1 Kd7 53. Bd2 Rc7 54. Kc1 Ke8 55. Ra6 Kd7 56. Be1 Rb7 57. Nc3 Be7 58. e4 dxe4 59. fxe4 Ng4 60. Nd5 Bd8 61. Ra4 f5 62. e5 Kc6 63. Nf4 Kb5 64. Rb4+ Ka6 65. Rxc4 Rc7 66. Rxc7 Bxc7 67. Nxg6 Ne3 68. Nf4 Bb6 69. Bc3 Kb7 70. Nxh5 Nd5 71. Nf4 Ne7 72. h5 Ng8 73. Nd5 Bd8 74. Bd2 Kc6 75. Nc3 Ne7 76. Bg5 {Kd5} 1-0

[Event "Ceske Budejovice Open-A 2019"]
[Site "Ceske Budejovice"]
[Date "2019.07.05"]
[Round "7.21"]
[White "Asatryan, Manvel"]
[Black "Baloun, Tomas"]
[Result "1-0"]
[ECO "B22"]
[WhiteElo "1799"]
[BlackElo "1887"]
[Annotator "NA"]
[PlyCount "57"]
[EventDate "2019.07.02"]
[EventCountry "CZE"]
[SourceTitle "playchess.com"]
[Source "ChessBase"]
[SourceQuality "1"]
[TimeControl "5400+30"]

1. e4 c5 2. c3 Nf6 3. e5 Nd5 4. d4 cxd4 5. cxd4 d6 6. Nf3 Nc6 7. Be2 g6 8. Nc3 Nxc3 9. bxc3 dxe5 10. d5 Nb8 11. Nxe5 Qa5 12. Qb3 Bg7 13. Bf4 O-O 14. O-O Na6 15. Rac1 Rd8 16. Rfd1 Nc5 17. Qb5 Qxb5 18. Bxb5 a6 19. Be2 g5 20. Be3 Ne4 21. f4 gxf4 22. Bxf4 Bd7 23. c4 Rac8 24. Nxd7 Rxd7 25. Bg4 e6 26. dxe6 Rxd1+ 27. Rxd1 f6 28. e7 Re8 29. Be6+ 1-0

[Event "Ceske Budejovice Open-A 2019"]
[Site "Ceske Budejovice"]
[Date "2019.07.05"]
[Round "7.22"]
[White "Stodola, Zdenek"]
[Black "Pavlicek, Petr"]
[Result "1-0"]
[ECO "D87"]
[WhiteElo "1551"]
[BlackElo "1828"]
[Annotator "NA"]
[PlyCount "65"]
[EventDate "2019.07.02"]
[EventCountry "CZE"]
[SourceTitle "playchess.com"]
[Source "ChessBase"]
[SourceQuality "1"]
[TimeControl "5400+30"]

1. d4 Nf6 2. c4 g6 3. Nc3 d5 4. cxd5 Nxd5 5. e4 Nxc3 6. bxc3 Bg7 7. Bc4 O-O 8. Ne2 c5 9. Be3 Nc6 10. O-O Qc7 11. Bd3 Rd8 12. Rc1 Qa5 13. Bc4 b5 14. Bd5 Bb7 15. Qc2 c4 16. Bxc6 Bxc6 17. d5 Be8 18. Nd4 Qc7 19. f4 a6 20. Qf2 Rac8 21. Nf3 Qd6 22. Rfd1 e5 23. fxe5 Bxe5 24. Nxe5 Qxe5 25. Bd4 Qd6 26. Bf6 Rd7 27. Rd4 Qf8 28. Qh4 Rb7 29. Rf1 Bd7 30. e5 b4 31. Rff4 bxc3 32. Qxh7+ Kxh7 33. Rh4+ 1-0

[Event "Ceske Budejovice Open-A 2019"]
[Site "Ceske Budejovice"]
[Date "2019.07.05"]
[Round "7.23"]
[White "Hlavsa, Filip"]
[Black "Solovyova, Anastasia"]
[Result "0-1"]
[ECO "C00"]
[WhiteElo "1843"]
[BlackElo "1835"]
[Annotator "NA"]
[PlyCount "160"]
[EventDate "2019.07.02"]
[EventCountry "CZE"]
[SourceTitle "playchess.com"]
[Source "ChessBase"]
[SourceQuality "1"]
[TimeControl "5400+30"]

1. e4 e6 2. Nf3 d5 3. e5 c5 4. b4 cxb4 5. a3 Nc6 6. axb4 Bxb4 7. c3 Bf8 8. d4 Nh6 9. Bd3 Nf5 10. h4 Be7 11. Na3 Qa5 12. Bb2 Bxa3 13. Rxa3 Qc7 14. Nd2 h5 15. g4 hxg4 16. Qxg4 g6 17. Ra1 Rh5 18. Rc1 Qe7 19. Nf3 Bd7 20. Rc2 O-O-O 21. Bc1 Rg8 22. Bg5 Qa3 23. Bc1 Qa5 24. Bd2 Qa1+ 25. Rc1 Qa3 26. Bxf5 exf5 27. Qg3 Be6 28. Bg5 Kb8 29. O-O Rc8 30. Bd2 Qe7 31. Ra1 Qc7 32. Rfb1 Na5 33. Ne1 Nc4 34. Bg5 Qc6 35. Nd3 Ka8 36. Rb3 b6 37. Nb4 Qd7 38. Qd3 Na5 39. Rba3 Rc4 40. Rb1 Rh8 41. Qf3 Rhc8 42. Bd2 Nc6 43. Nc2 Na5 44. Rba1 R4c7 45. Ne3 Qb5 46. Kg2 Nc4 47. Nxc4 Qxc4 48. Ra4 Qc6 49. Ra6 Rh8 50. Rb1 Kb7 51. Rba1 Kb8 52. Bc1 Rxh4 53. Ba3 Qxc3 54. Qxc3 Rxc3 55. Bd6+ Kc8 56. Rxa7 Rg4+ 57. Kf1 Kd8 58. Rb7 Rxd4 59. Rxb6 Rdc4 60. Ra8+ Rc8 61. Ra4 R3c4 62. Ra7 d4 63. Ba3 R4c6 64. Rb4 Rc4 65. Rb6 R8c6 66. Rb8+ Bc8 67. Rb5 Rc7 68. Rd5+ Rd7 69. Raa5 Rxd5 70. Rxd5+ Kc7 71. Bc5 Kc6 72. Rd8 Kxc5 73. Rxc8+ Kd5 74. Re8 Rc6 75. Re7 Re6 76. Rd7+ Kxe5 77. Rxf7 Rd6 78. Ke2 Kf4 79. Re7 d3+ 80. Kd2 Kf3 0-1

[Event "Ceske Budejovice Open-A 2019"]
[Site "Ceske Budejovice"]
[Date "2019.07.05"]
[Round "7.24"]
[White "Chval, Petr"]
[Black "Petkov, Andon"]
[Result "1-0"]
[ECO "A10"]
[WhiteElo "1885"]
[BlackElo "1761"]
[Annotator "NA"]
[PlyCount "79"]
[EventDate "2019.07.02"]
[EventCountry "CZE"]
[SourceTitle "playchess.com"]
[Source "ChessBase"]
[SourceQuality "1"]
[TimeControl "5400+30"]

1. c4 g6 2. g3 e5 3. Bg2 Bg7 4. Nc3 c6 5. e4 d6 6. Nf3 Nf6 7. O-O O-O 8. Rb1 b6 9. b4 Qe7 10. d3 Nbd7 11. Bg5 h6 12. Bd2 Bb7 13. Ne1 Nh7 14. Qc1 h5 15. Bh6 f6 16. Nc2 Bxh6 17. Qxh6 Qg7 18. Qd2 Rad8 19. a4 Ng5 20. f4 Ne6 21. d4 c5 22. d5 Nc7 23. b5 exf4 24. gxf4 Qh6 25. Ne3 Ne8 26. Bh3 Ng7 27. Kh1 Bc8 28. a5 g5 29. Be6+ Kh8 30. axb6 axb6 31. Ra1 gxf4 32. Nf5 Nxf5 33. exf5 Ne5 34. Qxf4 Qh7 35. Rg1 Bb7 36. Rg3 Ra8 37. Rag1 Ra3 38. Rg8+ Rxg8 39. Rxg8+ Qxg8 40. Qh6+ 1-0

[Event "Ceske Budejovice Open-A 2019"]
[Site "Ceske Budejovice"]
[Date "2019.07.05"]
[Round "7.25"]
[White "Prazak, Daniel"]
[Black "Valasek, Jakub"]
[Result "1/2-1/2"]
[ECO "C77"]
[WhiteElo "1586"]
[BlackElo "1636"]
[Annotator "NA"]
[PlyCount "46"]
[EventDate "2019.07.02"]
[EventCountry "CZE"]
[SourceTitle "playchess.com"]
[Source "ChessBase"]
[SourceQuality "1"]
[TimeControl "5400+30"]

1. e4 e5 2. Nf3 Nc6 3. Bb5 a6 4. Ba4 Nf6 5. d3 d6 6. h3 Be7 7. O-O b5 8. Bb3 Na5 9. Nbd2 Nxb3 10. axb3 c5 11. Re1 O-O 12. Nf1 h6 13. Ng3 Nh7 14. Be3 f5 15. exf5 Bxf5 16. Nxf5 Rxf5 17. Qd2 Qf8 18. Qe2 g5 19. Nh2 Qf7 20. g4 Rf6 21. Nf1 Nf8 22. Ng3 Ne6 23. Rf1 Qf8 1/2-1/2

[Event "Ceske Budejovice Open-A 2019"]
[Site "Ceske Budejovice"]
[Date "2019.07.06"]
[Round "8.1"]
[White "Mirzoev, Azer"]
[Black "Nagy, Gabor"]
[Result "1/2-1/2"]
[ECO "A48"]
[WhiteElo "2474"]
[BlackElo "2474"]
[Annotator "ChessBase"]
[PlyCount "65"]
[EventDate "2019.07.02"]
[EventCountry "CZE"]
[SourceTitle "playchess.com"]
[Source "ChessBase"]
[SourceQuality "1"]
[TimeControl "5400+30"]

1. d4 Nf6 2. Nf3 g6 3. Nbd2 d5 4. e3 Bg7 5. b4 a5 6. b5 c5 7. bxc6 Nxc6 8. c4 O-O 9. Bb2 Bf5 10. a3 dxc4 11. Bxc4 e5 12. Nxe5 Nxe5 13. dxe5 Ng4 14. Nf3 Qe7 15. O-O Rad8 16. Qb3 Be4 17. Be2 Nxe5 18. Nxe5 Bxe5 19. Bxe5 Qxe5 20. Rfd1 Bc6 21. h3 Qg5 22. Bf1 Rxd1 23. Rxd1 Rd8 24. Rxd8+ Qxd8 25. Qc3 Qd5 26. f3 a4 27. e4 Qg5 28. Kf2 h5 29. Qd4 Qc1 30. Qd8+ Kg7 31. Qd4+ Kg8 32. Qd8+ Kg7 33. Qd4+ 1/2-1/2

[Event "Ceske Budejovice Open-A 2019"]
[Site "Ceske Budejovice"]
[Date "2019.07.06"]
[Round "8.2"]
[White "Voloshin, Leonid"]
[Black "Frolov, Artur"]
[Result "1/2-1/2"]
[ECO "A05"]
[WhiteElo "2376"]
[BlackElo "2453"]
[Annotator "ChessBase"]
[PlyCount "22"]
[EventDate "2019.07.02"]
[EventCountry "CZE"]
[SourceTitle "playchess.com"]
[Source "ChessBase"]
[SourceQuality "1"]
[TimeControl "5400+30"]

1. Nf3 Nf6 2. g3 d5 3. Bg2 c5 4. O-O Nc6 5. d4 cxd4 6. Nxd4 e6 7. Nxc6 bxc6 8. c4 Be7 9. Nd2 O-O 10. b3 Qa5 11. Qc2 e5 1/2-1/2